Senators vs Canadiens

Created - April 4 2011 at 17:38

Goals
1 2 3 T
Senators 3 1 1 5
Canadiens 2 0 1 3
Shots
1 2 3 T
Senators 14 9 1 24
Canadiens 12 14 9 35

Period #1

1. Canadiens , Matt Cullen 10 (Tomas Plekanec, Scott Hartnell) at 3:21
2. Senators , Guillaume Latendresse 13 (Jordan Staal, David Jones) at 8:14
3. Senators , Jason Spezza 33 (Chris Stewart, Dion Phaneuf) at 11:18 (PP)
4. Canadiens , Tomas Plekanec 25 (Martin Havlat, Patrick Sharp) at 17:03 (PP)
5. Senators , Carl Gunnarsson 8 (Dion Phaneuf, Sidney Crosby) at 19:55 (PP)

Penalties :
Karlis Skrastins (OTT) for Cross-checking (Minor) at 1:04, Scott Hartnell (MTL) for Holding (Minor) at 8:25, Dion Phaneuf (OTT) for Holding (Minor) at 8:25, Tim Gleason (MTL) for Hooking (Minor) at 10:34, Jay Bouwmeester (OTT) for Holding (Minor) at 13:35, Patrick Kane (MTL) for Holding (Minor) at 13:54, Guillaume Latendresse (OTT) for Holding (Minor) at 16:31, Tim Gleason (MTL) for Holding (Minor) at 17:32, Mike Cammalleri (OTT) for Elbowing (Minor) at 17:32, Scott Hartnell (MTL) for Hooking (Minor) at 19:34

Period #2

6. Senators , Sidney Crosby 48 (Jay Bouwmeester, Filip Kuba) at 4:18 (PP)

Penalties :
R.J. Umberger (MTL) for Interference (Minor) at 3:18, Barret Jackman (MTL) for Holding (Minor) at 4:39, Brent Sopel (OTT) for Slashing (Minor) at 12:01, Patrick Eaves (OTT) for Checking from behind (Major / Game Misconduct) at 15:24

Period #3

7. Canadiens , Patrick Kane 26 (Ed Jovanovski, Ilya Kovalchuk) at 3:29 (PP)
8. Senators , Daniel Briere 30 (Mike Cammalleri, Jason Spezza) at 7:50

Penalties :
Dion Phaneuf (OTT) for Delaying the game (Minor) at 1:39, John Erskine (MTL) for Diving (Minor) at 4:41, Guillaume Latendresse (OTT) for Hooking (Minor) at 11:47, Scott Hartnell (MTL) for Diving (Minor) at 16:45

Goalie Stats

Pascal Leclaire (OTT), 32 saves from 35 shots - (0.914), W, 28-33-10, 60:00 minutes
Jaroslav Halak (MTL), 6 saves from 7 shots - (0.857), 35:42 minutes
Johan Hedberg (MTL), 13 saves from 17 shots - (0.765), L, 5-8-2, 24:18 minutes

Players Stats

Senators
Player Name              G  A  P  +/- PIM S  H  SB FO    MP 
------------------------------------------------------------
Brent Sopel              0  0  0   1  2   1  3  0  0/0   16 
Carl Gunnarsson          1  0  1   0  0   1  1  0  0/0   20 
Chris Stewart            0  1  1   0  0   0  2  0  1/1   17 
Daniel Briere            1  0  1   0  0   3  2  0  0/1   15 
David Jones              0  1  1   1  0   2  0  0  0/1   17 
David Steckel            0  0  0   0  0   0  0  0  3/13  6  
Dion Phaneuf             0  2  2   0  4   0  2  2  0/0   21 
Filip Kuba               0  1  1   0  0   0  1  2  0/0   20 
Guillaume Latendresse    1  0  1   1  4   2  2  0  0/0   12 
Jason Spezza             1  1  2   0  0   2  1  0  10/21 18 
Jay Bouwmeester          0  1  1   1  2   1  1  2  0/0   23 
Jordan Staal             0  1  1   1  0   2  3  0  13/26 17 
Karlis Skrastins         0  0  0   0  2   1  1  0  0/0   19 
Mike Cammalleri          0  1  1   0  2   0  0  0  0/0   17 
Patrick Dwyer            0  0  0   0  0   0  0  0  0/0   0  
Patrick Eaves            0  0  0   0  15  0  0  0  1/1   4  
Sidney Crosby            1  1  2   0  0   8  1  0  16/32 22 
Thomas Vanek             0  0  0   0  0   1  0  0  0/0   17 
Canadiens
Player Name              G  A  P  +/- PIM S  H  SB FO    MP 
------------------------------------------------------------
Barret Jackman           0  0  0  -1  2   1  0  0  0/0   16 
Brent Seabrook           0  0  0  -1  0   0  1  1  0/0   21 
Ed Jovanovski            0  1  1  -1  0   2  1  0  0/0   21 
Ilya Kovalchuk           0  1  1  -1  0   5  0  0  2/2   19 
John Erskine             0  0  0  -1  2   0  0  0  0/0   6  
Marcel Goc               0  0  0  -1  0   0  1  0  4/8   9  
Martin Havlat            0  1  1  -1  0   5  1  0  2/4   19 
Matt Cullen              1  0  1   1  0   3  0  1  0/0   14 
Maxime Talbot            0  0  0   0  0   0  0  0  0/0   5  
Niclas Wallin            0  0  0   1  0   0  0  0  0/0   16 
Niklas Kronwall          0  0  0   0  0   1  0  1  0/0   19 
Patrick Kane             1  0  1  -1  2   6  0  0  1/3   20 
Patrick Sharp            0  1  1  -1  0   2  3  0  2/2   21 
Paul Stastny             0  0  0  -1  0   3  2  1  16/30 23 
R.J. Umberger            0  0  0   0  2   1  1  0  8/19  14 
Scott Hartnell           0  1  1   1  6   1  3  1  0/1   9  
Tim Gleason              0  0  0   1  4   1  0  1  0/0   19 
Tomas Plekanec           1  1  2   1  0   4  1  0  17/27 14 

3 Stars

1 - Tomas Plekanec (MTL)
2 - Jason Spezza (OTT)
3 - Sidney Crosby (OTT)

Power Play

Senators - 3 on 7 Attempt(s) - 42.86%
Canadiens - 2 on 7 Attempt(s) - 28.57%

Penalty Kill

Senators - 5 on 7 Attempt(s) - 71.43% - Score 0 goal in Penalty Kill
Canadiens - 4 on 7 Attempt(s) - 57.14% - Score 0 goal in Penalty Kill

Game Notes

Jaroslav Halak enters game at 4:18 of 2nd period
Patrick Eaves ejected from game at 15:24 of 2nd period
Patrick Eaves from Senators is suspended for 1 game(s)

Finance

Level 1 -- Attendance: 3582 (55.11%) -- Ticket Income $447,750.00
Level 2 -- Attendance: 3280 (65.60%) -- Ticket Income $229,600.00
Level 3 -- Attendance: 2604 (74.40%) -- Ticket Income $109,368.00
Level 4 -- Attendance: 1370 (25.98%) -- Ticket Income $41,100.00
Luxury Box -- Attendance: 683 (68.30%) -- Ticket Income $170,750.00
Game was played at the Bell Centre
Total Attendance: 11519 (54.15%)
Total Ticket Income: $1,066,327.00
Other Income: $212,035.50
Total Income: $1,278,363.00


Play by Play

Period #1

0:01 of 1st period - Sidney Crosby wins face-off versus Paul Stastny in neutral zone.
0:01 of 1st period - Chris Stewart is hit by Brent Seabrook and loses puck.
0:06 of 1st period - Shot by Patrick Sharp.
0:06 of 1st period - Shot Blocked by Dion Phaneuf.
0:33 of 1st period - Icing by Dion Phaneuf.
0:34 of 1st period - R.J. Umberger wins face-off versus Sidney Crosby in Senators zone.
1:04 of 1st period - Minor Penalty to Karlis Skrastins for Cross-checking.
1:05 of 1st period - Tomas Plekanec wins face-off versus David Jones in Senators zone.
2:07 of 1st period - Off-side.
2:08 of 1st period - Jordan Staal wins face-off versus Paul Stastny in neutral zone.
2:38 of 1st period - Icing by Ilya Kovalchuk.
2:39 of 1st period - Jordan Staal wins face-off versus Paul Stastny in Canadiens zone.
2:43 of 1st period - Icing by Niklas Kronwall.
2:44 of 1st period - Jordan Staal wins face-off versus Paul Stastny in Canadiens zone.
2:53 of 1st period - David Steckel is hit by Paul Stastny.
3:13 of 1st period - Icing by Carl Gunnarsson.
3:14 of 1st period - Tomas Plekanec wins face-off versus Jason Spezza in Senators zone.
3:21 of 1st period - Shot by Matt Cullen.
3:21 of 1st period - Goal by Matt Cullen - Senators : 0 - Canadiens : 1.
3:22 of 1st period - Sidney Crosby wins face-off versus Paul Stastny in neutral zone.
3:31 of 1st period - Shot by Sidney Crosby.
3:31 of 1st period - Stopped by Johan Hedberg without a rebound.
3:32 of 1st period - Jason Spezza wins face-off versus Tomas Plekanec in Canadiens zone.
3:54 of 1st period - Shot by Jason Spezza.
3:54 of 1st period - Shot Blocked by Scott Hartnell.
4:02 of 1st period - Shot by Matt Cullen.
4:02 of 1st period - Deflect By Tomas Plekanec.
4:02 of 1st period - Shot Misses the Net.
4:04 of 1st period - Shot by Matt Cullen.
4:04 of 1st period - Stopped by Pascal Leclaire without a rebound.
4:05 of 1st period - Paul Stastny wins face-off versus Jordan Staal in Senators zone.
4:26 of 1st period - Shot by Brent Sopel.
4:26 of 1st period - Shot Misses the Net.
4:38 of 1st period - Shot by Guillaume Latendresse.
4:38 of 1st period - Stopped by Johan Hedberg without a rebound.
4:39 of 1st period - Sidney Crosby wins face-off versus R.J. Umberger in Canadiens zone.
4:44 of 1st period - Shot by Thomas Vanek.
4:44 of 1st period - Shot Misses the Net.
4:54 of 1st period - Shot by Ilya Kovalchuk.
4:54 of 1st period - Stopped by Pascal Leclaire with a rebound.
5:10 of 1st period - Shot by Thomas Vanek.
5:10 of 1st period - Stopped by Johan Hedberg without a rebound.
5:11 of 1st period - Jason Spezza wins face-off versus Tomas Plekanec in Canadiens zone.
5:20 of 1st period - Shot by Tim Gleason.
5:20 of 1st period - Stopped by Pascal Leclaire without a rebound.
5:21 of 1st period - Jordan Staal wins face-off versus Martin Havlat in Senators zone.
6:17 of 1st period - Icing by Barret Jackman.
6:18 of 1st period - Paul Stastny wins face-off versus Sidney Crosby in Canadiens zone.
6:39 of 1st period - Shot by Ilya Kovalchuk.
6:39 of 1st period - Stopped by Pascal Leclaire without a rebound.
6:40 of 1st period - Jason Spezza wins face-off versus Scott Hartnell in Senators zone.
6:59 of 1st period - Shot by Mike Cammalleri.
6:59 of 1st period - Shot Blocked by Tim Gleason.
7:01 of 1st period - Shot by Karlis Skrastins.
7:01 of 1st period - Stopped by Johan Hedberg without a rebound.
7:02 of 1st period - R.J. Umberger wins face-off versus Sidney Crosby in Canadiens zone.
7:10 of 1st period - Icing by Dion Phaneuf.
7:11 of 1st period - Marcel Goc wins face-off versus Sidney Crosby in Senators zone.
7:12 of 1st period - Shot by Patrick Kane.
7:12 of 1st period - Stopped by Pascal Leclaire without a rebound.
7:13 of 1st period - Jason Spezza wins face-off versus Marcel Goc in Senators zone.
7:49 of 1st period - Shot by Patrick Kane.
7:49 of 1st period - Stopped by Pascal Leclaire without a rebound.
7:50 of 1st period - Tomas Plekanec wins face-off versus Sidney Crosby in Senators zone.
8:02 of 1st period - Shot by Tomas Plekanec.
8:02 of 1st period - Stopped by Pascal Leclaire without a rebound.
8:03 of 1st period - Paul Stastny wins face-off versus Jordan Staal in Senators zone.
8:03 of 1st period - Brent Seabrook is hit by Brent Sopel and loses puck.
8:12 of 1st period - Shot by Jordan Staal.
8:12 of 1st period - Shot Blocked by Brent Seabrook.
8:14 of 1st period - Shot by Guillaume Latendresse.
8:14 of 1st period - Goal by Guillaume Latendresse - Senators : 1 - Canadiens : 1.
8:15 of 1st period - Tomas Plekanec wins face-off versus Sidney Crosby in neutral zone.
8:25 of 1st period - Minor Penalty to Scott Hartnell for Holding.
8:25 of 1st period - Minor Penalty to Dion Phaneuf for Holding.
8:26 of 1st period - R.J. Umberger wins face-off versus Jason Spezza in Senators zone.
8:51 of 1st period - Shot by Jason Spezza.
8:51 of 1st period - Shot Misses the Net.
8:53 of 1st period - Shot by Jay Bouwmeester.
8:53 of 1st period - Stopped by Johan Hedberg without a rebound.
8:54 of 1st period - Sidney Crosby wins face-off versus Paul Stastny in Canadiens zone.
9:03 of 1st period - Shot by Sidney Crosby.
9:03 of 1st period - Stopped by Johan Hedberg with a rebound.
9:23 of 1st period - Shot by Chris Stewart.
9:23 of 1st period - Shot Misses the Net.
10:10 of 1st period - Off-side.
10:11 of 1st period - R.J. Umberger wins face-off versus Jason Spezza in neutral zone.
10:23 of 1st period - R.J. Umberger is hit by Filip Kuba and loses puck.
10:32 of 1st period - Tim Gleason is hit by Guillaume Latendresse and loses puck.
10:34 of 1st period - Minor Penalty to Tim Gleason for Hooking.
10:35 of 1st period - Marcel Goc wins face-off versus Daniel Briere in Canadiens zone.
11:04 of 1st period - Shot by Sidney Crosby.
11:04 of 1st period - Stopped by Johan Hedberg without a rebound.
11:05 of 1st period - Jason Spezza wins face-off versus R.J. Umberger in Canadiens zone.
11:16 of 1st period - Shot by Chris Stewart.
11:16 of 1st period - Deflect By Jason Spezza.
11:16 of 1st period - Shot Misses the Net.
11:18 of 1st period - Shot by Jason Spezza.
11:18 of 1st period - Goal by Jason Spezza - Senators : 2 - Canadiens : 1.
11:19 of 1st period - Jordan Staal wins face-off versus Paul Stastny in neutral zone.
11:19 of 1st period - Guillaume Latendresse is hit by Patrick Sharp and loses puck.
11:34 of 1st period - Patrick Sharp is hit by Brent Sopel and loses puck.
11:47 of 1st period - Shot by Paul Stastny.
11:47 of 1st period - Deflect By Martin Havlat.
11:47 of 1st period - Stopped by Pascal Leclaire without a rebound.
11:48 of 1st period - Jason Spezza wins face-off versus Marcel Goc in Senators zone.
12:21 of 1st period - Ilya Kovalchuk is hit by Carl Gunnarsson.
12:30 of 1st period - Off-side.
12:31 of 1st period - Sidney Crosby wins face-off versus Tomas Plekanec in neutral zone.
12:37 of 1st period - Icing by Tomas Plekanec.
12:38 of 1st period - Sidney Crosby wins face-off versus Tomas Plekanec in Canadiens zone.
12:51 of 1st period - Shot by Scott Hartnell.
12:51 of 1st period - Stopped by Pascal Leclaire without a rebound.
12:52 of 1st period - Jordan Staal wins face-off versus Paul Stastny in Senators zone.
12:59 of 1st period - Barret Jackman is hit by Guillaume Latendresse and loses puck.
13:12 of 1st period - Shot by Paul Stastny.
13:12 of 1st period - Shot Misses the Net.
13:18 of 1st period - Jordan Staal is hit by Patrick Sharp and loses puck.
13:27 of 1st period - Brent Seabrook is hit by Jordan Staal and loses puck.
13:35 of 1st period - Minor Penalty to Jay Bouwmeester for Holding.
13:36 of 1st period - Paul Stastny wins face-off versus Jordan Staal in Senators zone.
13:37 of 1st period - Shot by Patrick Kane.
13:37 of 1st period - Shot Misses the Net.
13:44 of 1st period - Ilya Kovalchuk is hit by Dion Phaneuf and loses puck.
13:54 of 1st period - Minor Penalty to Patrick Kane for Holding.
13:55 of 1st period - Sidney Crosby wins face-off versus R.J. Umberger in Canadiens zone.
14:04 of 1st period - Shot by Sidney Crosby.
14:04 of 1st period - Stopped by Johan Hedberg without a rebound.
14:05 of 1st period - Jason Spezza wins face-off versus Paul Stastny in Canadiens zone.
14:10 of 1st period - Shot by Mike Cammalleri.
14:10 of 1st period - Shot Misses the Net.
14:37 of 1st period - Icing by Carl Gunnarsson.
14:38 of 1st period - Jason Spezza wins face-off versus R.J. Umberger in Senators zone.
14:38 of 1st period - Jason Spezza is hit by R.J. Umberger.
15:01 of 1st period - Patrick Sharp is hit by Jason Spezza.
15:13 of 1st period - Shot by Patrick Sharp.
15:13 of 1st period - Shot Misses the Net.
15:15 of 1st period - Shot by R.J. Umberger.
15:15 of 1st period - Shot Blocked by Filip Kuba.
15:34 of 1st period - Off-side.
15:35 of 1st period - Marcel Goc wins face-off versus Sidney Crosby in neutral zone.
16:02 of 1st period - Shot by David Jones.
16:02 of 1st period - Stopped by Johan Hedberg with a rebound.
16:14 of 1st period - Shot by Ed Jovanovski.
16:14 of 1st period - Stopped by Pascal Leclaire without a rebound.
16:15 of 1st period - Sidney Crosby wins face-off versus Tomas Plekanec in Senators zone.
16:22 of 1st period - Shot by Sidney Crosby.
16:22 of 1st period - Stopped by Johan Hedberg without a rebound.
16:23 of 1st period - Patrick Eaves wins face-off versus Paul Stastny in Canadiens zone.
16:31 of 1st period - Minor Penalty to Guillaume Latendresse for Holding.
16:32 of 1st period - Jordan Staal wins face-off versus Tomas Plekanec in Senators zone.
17:03 of 1st period - Shot by Tomas Plekanec.
17:03 of 1st period - Goal by Tomas Plekanec - Senators : 2 - Canadiens : 2.
17:04 of 1st period - Jordan Staal wins face-off versus R.J. Umberger in neutral zone.
17:07 of 1st period - Ed Jovanovski is hit by Jordan Staal and loses puck.
17:13 of 1st period - Icing by Niklas Kronwall.
17:14 of 1st period - Ilya Kovalchuk wins face-off versus Sidney Crosby in Canadiens zone.
17:16 of 1st period - Patrick Kane is hit by Sidney Crosby and loses puck.
17:31 of 1st period - Shot by Sidney Crosby.
17:31 of 1st period - Stopped by Johan Hedberg without a rebound.
17:32 of 1st period - Jason Spezza wins face-off versus Tomas Plekanec in Canadiens zone.
17:32 of 1st period - Minor Penalty to Tim Gleason for Holding.
17:32 of 1st period - Minor Penalty to Mike Cammalleri for Elbowing.
17:33 of 1st period - Paul Stastny wins face-off versus Jason Spezza in Canadiens zone.
17:40 of 1st period - Jay Bouwmeester is hit by Paul Stastny and loses puck.
18:51 of 1st period - Shot by Chris Stewart.
18:51 of 1st period - Shot Blocked by Niklas Kronwall.
18:53 of 1st period - Shot by Carl Gunnarsson.
18:53 of 1st period - Shot Misses the Net.
19:34 of 1st period - Minor Penalty to Scott Hartnell for Hooking.
19:35 of 1st period - Sidney Crosby wins face-off versus R.J. Umberger in Canadiens zone.
19:53 of 1st period - Shot by Dion Phaneuf.
19:53 of 1st period - Shot Misses the Net.
19:55 of 1st period - Shot by Carl Gunnarsson.
19:55 of 1st period - Goal by Carl Gunnarsson - Senators : 3 - Canadiens : 2.
19:56 of 1st period - Tomas Plekanec wins face-off versus Jordan Staal in neutral zone.

Period #2

0:01 of 2nd period - Sidney Crosby wins face-off versus Paul Stastny in neutral zone.
0:16 of 2nd period - Sidney Crosby is hit by Martin Havlat and loses puck.
0:22 of 2nd period - Off-side.
0:23 of 2nd period - Patrick Kane wins face-off versus Jason Spezza in neutral zone.
0:48 of 2nd period - Shot by Jason Spezza.
0:48 of 2nd period - Shot Misses the Net.
1:02 of 2nd period - Shot by Daniel Briere.
1:02 of 2nd period - Stopped by Johan Hedberg with a rebound.
1:04 of 2nd period - Shot by Jason Spezza.
1:04 of 2nd period - Shot Misses the Net.
1:22 of 2nd period - Shot by Brent Sopel.
1:22 of 2nd period - Stopped by Johan Hedberg without a rebound.
1:23 of 2nd period - Paul Stastny wins face-off versus Sidney Crosby in Canadiens zone.
1:30 of 2nd period - Shot by Sidney Crosby.
1:30 of 2nd period - Shot Misses the Net.
1:42 of 2nd period - Shot by Martin Havlat.
1:42 of 2nd period - Stopped by Pascal Leclaire without a rebound.
1:43 of 2nd period - Jordan Staal wins face-off versus Tomas Plekanec in Senators zone.
1:43 of 2nd period - Jordan Staal is hit by Scott Hartnell.
2:19 of 2nd period - Matt Cullen is hit by Brent Sopel and loses puck.
2:24 of 2nd period - Shot by Matt Cullen.
2:24 of 2nd period - Stopped by Pascal Leclaire without a rebound.
2:25 of 2nd period - Sidney Crosby wins face-off versus Martin Havlat in Senators zone.
3:05 of 2nd period - Icing by Chris Stewart.
3:06 of 2nd period - Sidney Crosby wins face-off versus Patrick Kane in Senators zone.
3:08 of 2nd period - Icing by Dion Phaneuf.
3:09 of 2nd period - Sidney Crosby wins face-off versus R.J. Umberger in Senators zone.
3:11 of 2nd period - Icing by Chris Stewart.
3:12 of 2nd period - Chris Stewart wins face-off versus R.J. Umberger in Senators zone.
3:18 of 2nd period - Minor Penalty to R.J. Umberger for Interference.
3:19 of 2nd period - Martin Havlat wins face-off versus Jason Spezza in Canadiens zone.
3:36 of 2nd period - Shot by Chris Stewart.
3:36 of 2nd period - Shot Misses the Net.
3:38 of 2nd period - Shot by Dion Phaneuf.
3:38 of 2nd period - Shot Misses the Net.
4:18 of 2nd period - Shot by Sidney Crosby.
4:18 of 2nd period - Goal by Sidney Crosby - Senators : 4 - Canadiens : 2.
4:18 of 2nd period - Jaroslav Halak enters game.
4:19 of 2nd period - Jordan Staal wins face-off versus Paul Stastny in neutral zone.
4:19 of 2nd period - Jordan Staal is hit by Patrick Sharp.
4:39 of 2nd period - Minor Penalty to Barret Jackman for Holding.
4:40 of 2nd period - Jason Spezza wins face-off versus R.J. Umberger in Canadiens zone.
5:28 of 2nd period - Shot by R.J. Umberger.
5:28 of 2nd period - Shot Blocked by Jay Bouwmeester.
7:01 of 2nd period - Shot by David Jones.
7:01 of 2nd period - Stopped by Jaroslav Halak with a rebound.
7:05 of 2nd period - Shot by Jordan Staal.
7:05 of 2nd period - Stopped by Jaroslav Halak without a rebound.
7:06 of 2nd period - Marcel Goc wins face-off versus Sidney Crosby in Canadiens zone.
7:19 of 2nd period - Shot by Sidney Crosby.
7:19 of 2nd period - Stopped by Jaroslav Halak with a rebound.
7:59 of 2nd period - Shot by Daniel Briere.
7:59 of 2nd period - Stopped by Jaroslav Halak without a rebound.
8:00 of 2nd period - Paul Stastny wins face-off versus Jason Spezza in Canadiens zone.
8:05 of 2nd period - Shot by Jason Spezza.
8:05 of 2nd period - Stopped by Jaroslav Halak with a rebound.
9:02 of 2nd period - Icing by Patrick Sharp.
9:03 of 2nd period - Paul Stastny wins face-off versus Sidney Crosby in Canadiens zone.
9:30 of 2nd period - Shot by Matt Cullen.
9:30 of 2nd period - Shot Misses the Net.
9:32 of 2nd period - Shot by Tomas Plekanec.
9:32 of 2nd period - Shot Misses the Net.
9:37 of 2nd period - Icing by Karlis Skrastins.
9:38 of 2nd period - R.J. Umberger wins face-off versus Sidney Crosby in Senators zone.
10:25 of 2nd period - Guillaume Latendresse is hit by Ed Jovanovski and loses puck.
10:32 of 2nd period - Shot by David Jones.
10:32 of 2nd period - Shot Misses the Net.
10:34 of 2nd period - Shot by Jordan Staal.
10:34 of 2nd period - Stopped by Jaroslav Halak without a rebound.
10:35 of 2nd period - Tomas Plekanec wins face-off versus Jason Spezza in Canadiens zone.
11:31 of 2nd period - Shot by Paul Stastny.
11:31 of 2nd period - Stopped by Pascal Leclaire without a rebound.
11:32 of 2nd period - Paul Stastny wins face-off versus Jordan Staal in Senators zone.
12:01 of 2nd period - Minor Penalty to Brent Sopel for Slashing.
12:02 of 2nd period - Paul Stastny wins face-off versus Jordan Staal in Senators zone.
12:54 of 2nd period - Shot by Patrick Sharp.
12:54 of 2nd period - Stopped by Pascal Leclaire without a rebound.
12:55 of 2nd period - David Steckel wins face-off versus Tomas Plekanec in Senators zone.
13:35 of 2nd period - Icing by Paul Stastny.
13:36 of 2nd period - David Steckel wins face-off versus Paul Stastny in Canadiens zone.
13:51 of 2nd period - Shot by Ilya Kovalchuk.
13:51 of 2nd period - Shot Blocked by Jay Bouwmeester.
13:53 of 2nd period - Shot by Paul Stastny.
13:53 of 2nd period - Shot Misses the Net.
13:55 of 2nd period - Shot by Paul Stastny.
13:55 of 2nd period - Stopped by Pascal Leclaire with a rebound.
13:57 of 2nd period - Shot by Paul Stastny.
13:57 of 2nd period - Stopped by Pascal Leclaire without a rebound.
13:58 of 2nd period - Tomas Plekanec wins face-off versus Jordan Staal in Senators zone.
14:10 of 2nd period - Tomas Plekanec is hit by Karlis Skrastins and loses puck.
15:03 of 2nd period - Shot by Ilya Kovalchuk.
15:03 of 2nd period - Stopped by Pascal Leclaire without a rebound.
15:04 of 2nd period - Sidney Crosby wins face-off versus Marcel Goc in Senators zone.
15:24 of 2nd period - Major / Game Misconduct Penalty to Patrick Eaves for Checking from behind.
15:24 of 2nd period - Patrick Eaves is ejected from game.
15:25 of 2nd period - Paul Stastny wins face-off versus Jordan Staal in Senators zone.
15:32 of 2nd period - Shot by Patrick Kane.
15:32 of 2nd period - Stopped by Pascal Leclaire without a rebound.
15:33 of 2nd period - Paul Stastny wins face-off versus David Steckel in Senators zone.
15:35 of 2nd period - Patrick Kane is hit by Jay Bouwmeester and loses puck.
16:00 of 2nd period - Shot by Patrick Kane.
16:00 of 2nd period - Stopped by Pascal Leclaire without a rebound.
16:01 of 2nd period - Tomas Plekanec wins face-off versus David Steckel in Senators zone.
16:08 of 2nd period - Shot by Patrick Sharp.
16:08 of 2nd period - Deflect By Martin Havlat.
16:08 of 2nd period - Stopped by Pascal Leclaire without a rebound.
16:09 of 2nd period - Tomas Plekanec wins face-off versus David Steckel in Senators zone.
16:23 of 2nd period - Icing by Brent Seabrook.
16:24 of 2nd period - Patrick Sharp wins face-off versus David Steckel in Canadiens zone.
17:02 of 2nd period - Shot by Paul Stastny.
17:02 of 2nd period - Shot Misses the Net.
17:25 of 2nd period - Icing by R.J. Umberger.
17:26 of 2nd period - R.J. Umberger wins face-off versus David Steckel in Canadiens zone.
17:41 of 2nd period - Shot by Patrick Sharp.
17:41 of 2nd period - Stopped by Pascal Leclaire with a rebound.
17:43 of 2nd period - Shot by Martin Havlat.
17:43 of 2nd period - Stopped by Pascal Leclaire with a rebound.
17:47 of 2nd period - Shot by R.J. Umberger.
17:47 of 2nd period - Shot Misses the Net.
19:18 of 2nd period - Icing by Matt Cullen.
19:19 of 2nd period - Jordan Staal wins face-off versus Paul Stastny in Canadiens zone.
19:34 of 2nd period - Shot by Paul Stastny.
19:34 of 2nd period - Shot Misses the Net.
19:36 of 2nd period - Shot by Maxime Talbot.
19:36 of 2nd period - Shot Blocked by Dion Phaneuf.
19:40 of 2nd period - Shot by Paul Stastny.
19:40 of 2nd period - Shot Misses the Net.
19:42 of 2nd period - Shot by R.J. Umberger.
19:42 of 2nd period - Stopped by Pascal Leclaire without a rebound.
19:43 of 2nd period - Tomas Plekanec wins face-off versus David Steckel in Senators zone.
19:52 of 2nd period - Shot by Tomas Plekanec.
19:52 of 2nd period - Stopped by Pascal Leclaire without a rebound.
19:53 of 2nd period - R.J. Umberger wins face-off versus David Steckel in Senators zone.

Period #3

0:01 of 3rd period - Ilya Kovalchuk wins face-off versus Jordan Staal in neutral zone.
0:03 of 3rd period - Patrick Kane is hit by Dion Phaneuf and loses puck.
0:15 of 3rd period - Icing by Paul Stastny.
0:16 of 3rd period - Paul Stastny wins face-off versus David Steckel in Canadiens zone.
0:37 of 3rd period - Off-side.
0:38 of 3rd period - Paul Stastny wins face-off versus Sidney Crosby in neutral zone.
1:39 of 3rd period - Minor Penalty to Dion Phaneuf for Delaying the game.
1:40 of 3rd period - Tomas Plekanec wins face-off versus David Steckel in Senators zone.
1:52 of 3rd period - Shot by Ed Jovanovski.
1:52 of 3rd period - Stopped by Pascal Leclaire with a rebound.
2:00 of 3rd period - Shot by Ilya Kovalchuk.
2:00 of 3rd period - Stopped by Pascal Leclaire with a rebound.
2:02 of 3rd period - Shot by Tomas Plekanec.
2:02 of 3rd period - Stopped by Pascal Leclaire without a rebound.
2:03 of 3rd period - Tomas Plekanec wins face-off versus Jordan Staal in Senators zone.
2:13 of 3rd period - Icing by Brent Seabrook.
2:14 of 3rd period - Tomas Plekanec wins face-off versus Jordan Staal in Canadiens zone.
2:14 of 3rd period - Tomas Plekanec is hit by Jordan Staal.
2:20 of 3rd period - Jordan Staal is hit by Tomas Plekanec and loses puck.
3:09 of 3rd period - Shot by Ed Jovanovski.
3:09 of 3rd period - Shot Misses the Net.
3:11 of 3rd period - Shot by Niklas Kronwall.
3:11 of 3rd period - Stopped by Pascal Leclaire without a rebound.
3:12 of 3rd period - Paul Stastny wins face-off versus Jordan Staal in Senators zone.
3:25 of 3rd period - Shot by Ilya Kovalchuk.
3:25 of 3rd period - Shot Misses the Net.
3:29 of 3rd period - Shot by Patrick Kane.
3:29 of 3rd period - Goal by Patrick Kane - Senators : 4 - Canadiens : 3.
3:30 of 3rd period - Tomas Plekanec wins face-off versus Jason Spezza in neutral zone.
3:49 of 3rd period - Karlis Skrastins is hit by Scott Hartnell and loses puck.
4:41 of 3rd period - Minor Penalty to John Erskine for Diving.
4:42 of 3rd period - R.J. Umberger wins face-off versus Sidney Crosby in Canadiens zone.
7:12 of 3rd period - Shot by Barret Jackman.
7:12 of 3rd period - Stopped by Pascal Leclaire with a rebound.
7:50 of 3rd period - Shot by Mike Cammalleri.
7:50 of 3rd period - Deflect By Daniel Briere.
7:50 of 3rd period - Goal by Daniel Briere - Senators : 5 - Canadiens : 3.
7:51 of 3rd period - Tomas Plekanec wins face-off versus Sidney Crosby in neutral zone.
7:55 of 3rd period - Off-side.
7:56 of 3rd period - Tomas Plekanec wins face-off versus Sidney Crosby in neutral zone.
7:56 of 3rd period - Tomas Plekanec is hit by Chris Stewart.
8:25 of 3rd period - Icing by Niclas Wallin.
8:26 of 3rd period - Tomas Plekanec wins face-off versus Jason Spezza in Canadiens zone.
8:51 of 3rd period - Patrick Kane is hit by Daniel Briere and loses puck.
9:12 of 3rd period - Shot by Ilya Kovalchuk.
9:12 of 3rd period - Stopped by Pascal Leclaire without a rebound.
9:13 of 3rd period - Paul Stastny wins face-off versus Jordan Staal in Senators zone.
9:44 of 3rd period - Shot by Guillaume Latendresse.
9:44 of 3rd period - Shot Misses the Net.
10:35 of 3rd period - Icing by Filip Kuba.
10:36 of 3rd period - Sidney Crosby wins face-off versus Tomas Plekanec in Senators zone.
11:21 of 3rd period - Jason Spezza is hit by Scott Hartnell and loses puck.
11:47 of 3rd period - Minor Penalty to Guillaume Latendresse for Hooking.
11:48 of 3rd period - David Steckel wins face-off versus Patrick Kane in Senators zone.
12:26 of 3rd period - Shot by Patrick Kane.
12:26 of 3rd period - Stopped by Pascal Leclaire without a rebound.
12:27 of 3rd period - Martin Havlat wins face-off versus David Steckel in Senators zone.
12:28 of 3rd period - Shot by Tomas Plekanec.
12:28 of 3rd period - Shot Misses the Net.
14:12 of 3rd period - Matt Cullen is hit by Chris Stewart and loses puck.
14:49 of 3rd period - Shot by Martin Havlat.
14:49 of 3rd period - Stopped by Pascal Leclaire without a rebound.
14:50 of 3rd period - Jordan Staal wins face-off versus Marcel Goc in Senators zone.
15:16 of 3rd period - Jordan Staal is hit by Marcel Goc and loses puck.
16:08 of 3rd period - Paul Stastny is hit by Daniel Briere and loses puck.
16:45 of 3rd period - Minor Penalty to Scott Hartnell for Diving.
16:46 of 3rd period - Sidney Crosby wins face-off versus R.J. Umberger in Canadiens zone.
17:25 of 3rd period - Shot by Filip Kuba.
17:25 of 3rd period - Shot Misses the Net.
17:27 of 3rd period - Shot by Sidney Crosby.
17:27 of 3rd period - Shot Blocked by Matt Cullen.
17:29 of 3rd period - Shot by Filip Kuba.
17:29 of 3rd period - Deflect By Thomas Vanek.
17:29 of 3rd period - Shot Blocked by Paul Stastny.
17:40 of 3rd period - Icing by Guillaume Latendresse.
17:41 of 3rd period - Jordan Staal wins face-off versus R.J. Umberger in Senators zone.
18:53 of 3rd period - Icing by Paul Stastny.
18:54 of 3rd period - Patrick Sharp wins face-off versus Jason Spezza in Canadiens zone.
19:11 of 3rd period - Shot by Paul Stastny.
19:11 of 3rd period - Deflect By Patrick Sharp.
19:11 of 3rd period - Shot Blocked by Filip Kuba.


Output by the SimonT Hockey Simulator (STHS) for Stephane Roy -- Original Page W3C XHTML 1.0 Valid